 Dungeon Crawl Stone Soup version 0.29-a0-830-gcb1280458a (webtiles) character file.

Game seed: 3904727518136642001

8594 Ijustatesigmund the Conjurer (level 11, 0/57 HPs)
             Began as a Deep Elf Earth Elementalist on July 12, 2022.
             Was a Priest of Cheibriados.
             Slain by a tengu warrior
             ... wielding a +0 long sword
              (3 damage)
             ... on level 10 of the Dungeon.
             The game lasted 00:40:11 (14911 turns).

Ijustatesigmund the Conjurer (DEEE)                Turns: 14911, Time: 00:40:12

Health: 0/57       AC:  6    Str: 15    XL:     11   Next: 12%
Magic:  12/24      EV: 15    Int: 32    God:    Cheibriados [***...]
Gold:   353        SH:  0    Dex: 22    Spells: 11/24 levels left

rFire   + + .      SeeInvis +   k - staff of conjuration
rCold   . . .      Faith    .   (no shield)
rNeg    . . .      Spirit   .   a - +1 robe of Terror {rCorr Str+3 Slay+3}
rPois   .          Reflect  .   (no helmet)
rElec   .          Harm     .   v - +0 cloak
rCorr   +          Rampage  .   n - +0 pair of gloves {Stlth+}
Will    ++...                   q - +0 pair of boots {Fly}
Stlth   +++++.....              (no amulet)
HPRegen 0.19/turn               t - ring of resist corrosion
MPRegen 0.19/turn               y - ring "Elyenke" {*Corrode +Blink rF++ Will+ SInv}

@: mighty, flying, very slow
A: no striking features
a: Renounce Religion, Evoke Blink, Bend Time, Temporal Distortion


You were on level 10 of the Dungeon.
You worshipped Cheibriados.
Cheibriados was most pleased with you.
You visited 2 branches of the dungeon, and saw 11 of its levels.
You also visited: Sewer and Bailey.

You collected 668 gold pieces.
You spent 315 gold pieces at shops.

Inventory:

Hand Weapons
 d - a +1 dagger of venom
 l - a +2 short sword of holy wrath
 w - the +5 hammer "Vonluig" {vamp, rPois MP-9 Str+6 Stlth+}
   (You found it on level 6 of the Dungeon)

   It occasionally heals its wielder for a portion of the damage dealt when it
   wounds a living foe.
   Str:       It affects your strength (+6).
   rPois:     It protects you from poison.
   MP:        It affects your magic capacity (-9).
   Stlth:     It makes you more stealthy.
 F - a +6 shortbow
Missiles
 x - a throwing net
Armour
 a - the +1 robe of Terror (worn) {rCorr Str+3 Slay+3}
   (You took it off a goblin on level 2 of the Dungeon)

   Str:       It affects your strength (+3).
   Slay:      It affects your accuracy & damage with ranged weapons and melee
   (+3).
   rCorr:     It protects you from acid and corrosion.
 n - a +0 pair of gloves of stealth (worn)
 q - a +0 pair of boots of flying (worn)
 v - a +0 cloak (worn)
 J - +0 steam dragon scales
 K - +0 acid dragon scales
 N - a +2 robe of fire resistance
Magical Staves
 k - a staff of conjuration (weapon)
 D - a staff of death
Jewellery
 o - a ring of willpower
 r - a ring of ice
 s - a ring of poison resistance
 t - a ring of resist corrosion (left hand)
 y - the ring "Elyenke" (right hand) {*Corrode +Blink rF++ Will+ SInv}
   (You found it on level 6 of the Dungeon)

   [ring of see invisible]

   rF:        It greatly protects you from fire.
   SInv:      It lets you see invisible.
   +Blink:    It lets you blink.
   *Corrode:  It may corrode you when you take damage.
   Will:      It increases your willpower.
 B - the ring of the Winnowing Priest {rC+ SInv}
   (You found it in a bailey)

   [ring of see invisible]

   rC:        It protects you from cold.
   SInv:      It lets you see invisible.
 L - a ring of flight
Wands
 I - a wand of mindburst (6)
Scrolls
 g - 4 scrolls of fog
 h - 2 scrolls of silence
 A - a scroll of enchant weapon
 C - a scroll of blinking
 H - 3 scrolls of immolation
 M - a scroll of enchant armour
Potions
 c - 2 potions of curing
 e - 4 potions of lignification
 f - 4 potions of brilliance
 i - a potion of mutation
 j - 2 potions of might
 m - a potion of cancellation
 p - 2 potions of ambrosia {unknown}
 u - a potion of heal wounds
 z - a potion of attraction {unknown}
 E - a potion of haste
 G - a potion of berserk rage {unknown}


   Skills:
 - Level 2.2 Fighting
 - Level 1.7 Short Blades
 - Level 4.3 Dodging
 - Level 6.7 Stealth
 + Level 7.4 Spellcasting
 + Level 7.5 Conjurations
 + Level 1.4 Necromancy
 + Level 5.4 Transmutations
 + Level 5.2 Air Magic
 + Level 6.5 Earth Magic
 + Level 5.8 Poison Magic
 + Level 6.2 Invocations
 - Level 6.0 Evocations


You had 11 spell levels left.
You knew the following spells:

 Your Spells              Type           Power      Damage    Failure   Level
a - Sandblast             Erth           100%       2d20      1%          1
b - Stone Arrow           Conj/Erth      100%       3d13      1%          3
c - Passwall              Tmut/Erth      41%        N/A       1%          2
d - Petrify               Tmut/Erth      50%        N/A       3%          4
e - Mephitic Cloud        Conj/Pois/Air  67%        N/A       1%          3

Your spell library contained the following spells:

 Spells                   Type           Power      Damage    Failure   Level
 Beastly Appendage        Tmut           92%        N/A       1%          1
 Magic Dart               Conj           100%       1d8       1%          1
 Static Discharge         Conj/Air       68%        3-12/arc  1%          2
 Wereblood                Tmut           46%        N/A       1%          2
 Spider Form              Tmut/Pois      47%        N/A       1%          3
 Swiftness                Air            45%        N/A       1%          3
 Slow                     Hex            44%        N/A       4%          1
 Airstrike                Air            22%        0-8+      4%          4
 Call Imp                 Summ           11%        N/A       6%          2
 Ensorcelled Hibernation  Hex/Ice        22%        N/A       6%          2
 Vampiric Draining        Necr           21%        2d7       6%          3
 Lightning Bolt           Conj/Air       34%        1d51      8%          5
 Sticky Flame             Conj/Fire      52%        2d7       9%          4
 Confusing Touch          Hex            11%        N/A       12%         3
 Summon Lightning Spire   Summ/Air       28%        N/A       14%         4
 Dispel Undead            Necr           21%        3d11      22%         4


Dungeon Overview and Level Annotations

Branches:
Dungeon (10/15)            Temple (1/1) D:5           Sewer (visited)
 Bailey (visited)
   Lair: D:8-11         Orc: D:9-12

Altars:
Ashenzari
Cheibriados
Dithmenos
Elyvilon
Fedhas
Gozag
Hepliaklqana
Kikubaaqudgha
Makhleb
Nemelex Xobeh
Okawaru
Qazlal
Ru
Sif Muna
Trog
Uskayaw
Vehumet
Wu Jian
Xom
Yredelemnul
Zin
The Shining One

Shops:
D:5 [*   D:6 =

Annotations:
D:3 3 runed translucent doors, ertgterg's ghost, weakling FeEn


Message History

The tengu warrior closely misses you.
Blink to where?
Press: ? - help, Dir - move target, p - tengu warrior
As you read the scroll of blinking, it crumbles to dust.
You feel stable enough to blink again.
Casting: Petrify (dangerous; 3% risk of failure)
Confirm with . or Enter, or press ? or * to list all spells.
Aiming: Petrify (dangerous; 3% risk of failure)
Press: ? - help, Shift-Dir - straight line, f - tengu warrior
Aim: a tengu warrior, wielding a +0 long sword, wearing a +1 chain mail of fire resistance, wearing a +2 kite shield of positive energy and wearing the ring "Xosegud" {rPois rC+ Dex+2 Slay+3} (chance to affect: 54%)
The tengu warrior resists with significant effort.
Casting: Petrify (dangerous; 3% risk of failure)
Confirm with . or Enter, or press ? or * to list all spells.
Aiming: Petrify (dangerous; 3% risk of failure)
Press: ? - help, Shift-Dir - straight line, f/p - tengu warrior
Aim: a tengu warrior, wielding a +0 long sword, wearing a +1 chain mail of fire resistance, wearing a +2 kite shield of positive energy and wearing the ring "Xosegud" {rPois rC+ Dex+2 Slay+3} (chance to affect: 54%)
The tengu warrior resists with significant effort.
Casting: Petrify (dangerous; 3% risk of failure)
Confirm with . or Enter, or press ? or * to list all spells.
Aiming: Petrify (dangerous; 3% risk of failure)
Press: ? - help, Shift-Dir - straight line, f/p - tengu warrior
Aim: a tengu warrior, wielding a +0 long sword, wearing a +1 chain mail of fire resistance, wearing a +2 kite shield of positive energy and wearing the ring "Xosegud" {rPois rC+ Dex+2 Slay+3} (chance to affect: 54%)
The tengu warrior is moving more slowly.
A killer bee comes into view.
The tengu warrior stops moving altogether!
A killer bee comes into view.
You feel very mighty all of a sudden.
The helpless tengu warrior fails to defend itself.
You hit the tengu warrior.
You blast the tengu warrior!
The tengu warrior is lightly wounded.
The helpless tengu warrior fails to defend itself.
You hit the tengu warrior!
The tengu warrior is moderately wounded.
The tengu warrior is no longer petrified.
The tengu warrior hits you with a +0 long sword!
* * * LOW HITPOINT WARNING * * *
The tengu warrior pecks you.
* * * LOW HITPOINT WARNING * * *
The tengu warrior claws you.
You die...

#.######
##.# #.#
#.# #.#
#.# #.#
#.# #Q#
#@# #.#
#.# #.#
...
##.##
..# ≈##
≈


You could see a tengu warrior.

Vanquished Creatures
  An orc knight (Bailey)
  2 deep elf pyromancers
  Psyche (D:8)
  A hornet (D:8)
  Sigmund (D:3)
  2 wyverns (D:8)
  2 yaks (D:9)
  2 steam dragons
  Grum (D:8)
  2 vampire mosquitoes (D:7)
  An acid dragon (D:8)
  4 water moccasins
  10 orc warriors
  2 ice beasts
  2 sky beasts
  A black bear (D:8)
  An ogre (D:5)
  4 wolves
  2 phantoms (D:5)
  5 kobold brigands (Sewer)
  3 bullfrogs
  3 scorpions
  2 necrophages
  2 gnoll sergeants
  5 wights (D:6)
  17 killer bees
  6 hounds
  Crazy Yiuf (D:6)
  2 orc priests
  A gnoll bouda (D:7)
  An iguana (D:7)
  A scorpion zombie (D:3)
  8 orc wizards
  A hound zombie (D:3)
  14 gnolls
  10 adders
  A river rat (D:3)
  A shadow imp (D:5)
  2 white imps
  6 worms
  2 dart slugs
  35 orcs
  2 bats (D:1)
  15 endoplasms
  3 giant cockroaches
  7 goblins
  5 hobgoblins
  3 jackals (D:1)
  10 kobolds
  6 quokkas
  9 ball pythons
  2 ball python zombies (D:3)
  2 frilled lizards
  7 rats
242 creatures vanquished.

Vanquished Creatures (collateral kills)
  2 killer bees (D:9)
2 creatures vanquished.

Vanquished Creatures (others)
  2 plants (D:9)
2 creatures vanquished.

Grand Total: 246 creatures vanquished

Notes
Turn   | Place    | Note
-------+----------+-------------------------------------------
     0 | D:1      | Ijustatesigmund the Deep Elf Earth Elementalist began the
                  | quest for the Orb.
     0 | D:1      | Reached XP level 1. HP: 10/10 MP: 6/6
   181 | D:1      | You fall into a shaft and drop 1 floor!
   227 | D:2      | Reached XP level 2. HP: 12/15 MP: 6/8
   582 | D:2      | Identified the +1 robe of Terror {rCorr Str+3 Slay+3}
   699 | D:2      | Reached XP level 3. HP: 14/19 MP: 8/10
   847 | D:2      | Learned a level 3 spell: Stone Arrow
   850 | D:2      | Learned a level 2 spell: Passwall
   946 | D:2      | Reached skill level 1 in Conjurations
  1217 | D:1      | Reached XP level 4. HP: 22/24 MP: 8/12
  1419 | D:1      | Found a faded altar of an unknown god.
  1904 | D:3      | Noticed Sigmund
  2079 | D:3      | Found a basalt altar of Yredelemnul.
  2141 | D:3      | Killed Sigmund
  2142 | D:3      | Reached skill level 5 in Conjurations
  2142 | D:3      | Reached XP level 5. HP: 28/28 MP: 5/13
  2142 | D:3      | Reached XP level 6. HP: 32/32 MP: 5/14
  2169 | D:3      | Found a glowing drain.
  2183 | Sewer    | Entered a sewer
  2442 | Sewer    | Learned a level 4 spell: Petrify
  3009 | Sewer    | Reached XP level 7. HP: 19/36 MP: 2/16
  3025 | Sewer    | Reached skill level 5 in Spellcasting
  3863 | D:3      | Found a runed translucent gate.
  3863 | D:3      | Found a runed translucent gate.
  4077 | D:3      | Reached skill level 5 in Earth Magic
  4199 | D:3      | Found a runed translucent gate.
  4200 | D:3      | Identified the +2 sling "Ischa Yri" {venom, rF+}
  4200 | D:3      | Identified the +1 chain mail of Omission {rN++ Dex+4}
  4202 | D:3      | Noticed ertgterg's ghost (weakling FeEn)
  4477 | D:4      | Found a blossoming altar of Fedhas.
  4478 | D:4      | Found a shimmering altar of Xom.
  5705 | D:5      | Entered Level 5 of the Dungeon
  5805 | D:5      | Reached skill level 1 in Fighting
  5805 | D:5      | Reached skill level 1 in Short Blades
  5820 | D:5      | Reached XP level 8. HP: 42/43 MP: 16/18
  6125 | D:5      | Found a burning altar of Makhleb.
  6145 | D:5      | Found a staircase to the Ecumenical Temple.
  6210 | D:5      | Found a shadowy altar of Dithmenos.
  6600 | D:5      | Found Kionaloe's Armour Emporium.
  6610 | D:5      | Bought a +0 pair of gloves of stealth for 126 gold pieces
  6941 | D:6      | Reached skill level 5 in Stealth
  7170 | D:5      | Found Ahess's Assorted Antiques.
  7263 | D:5      | Bought a pair of glowing boots for 135 gold pieces
  7268 | D:5      | Bought a scroll of teleportation for 54 gold pieces
  8159 | D:5      | Reached XP level 9. HP: 48/48 MP: 13/20
  8290 | D:5      | Found a radiant altar of Vehumet.
  8399 | Temple   | Entered the Ecumenical Temple
  9021 | D:6      | Found a runed translucent door.
  9022 | D:6      | Noticed Crazy Yiuf
  9027 | D:6      | Killed Crazy Yiuf
  9038 | D:6      | Identified the +5 hammer "Vonluig" {vamp, rPois MP-9 Str+6
                  | Stlth+}
  9111 | D:6      | Found Lesiv's Jewellery Emporium.
  9211 | D:6      | Reached skill level 5 in Transmutations
  9464 | D:6      | Found an opulent altar of Gozag.
  9526 | D:6      | Identified the ring "Elyenke" {*Corrode +Blink rF++ Will+
                  | SInv}
  9597 | Temple   | Became a worshipper of Cheibriados the Contemplative
  9786 | D:7      | Reached skill level 1 in Invocations
  9786 | D:7      | Reached skill level 1 in Evocations
  9908 | D:7      | Found a flagged portal.
  9948 | Bailey   | Entered a bailey
  9956 | Bailey   | Learned a level 3 spell: Mephitic Cloud
 10012 | Bailey   | Reached skill level 1 in Air Magic
 10012 | Bailey   | Reached skill level 1 in Poison Magic
 10088 | Bailey   | Noticed an orc knight
 10094 | Bailey   | Killed an orc knight
 10095 | Bailey   | Reached XP level 10. HP: 53/53 MP: 8/22
 10099 | Bailey   | Reached * piety under Cheibriados
 10312 | Bailey   | Found a large runed translucent door.
 10312 | Bailey   | Found a large runed translucent door.
 10313 | Bailey   | Noticed a deep elf pyromancer
 10372 | Bailey   | Killed a deep elf pyromancer
 10569 | Bailey   | Identified the ring of the Winnowing Priest {rC+ SInv}
 11548 | D:8      | Noticed Grum
 11569 | D:8      | Reached skill level 5 in Evocations
 11571 | D:8      | Reached skill level 5 in Invocations
 11573 | D:8      | Reached ** piety under Cheibriados
 12228 | D:8      | Killed Grum
 12652 | D:8      | Reached skill level 5 in Poison Magic
 13314 | D:8      | Found a shimmering blue altar of Sif Muna.
 13511 | D:8      | Reached skill level 5 in Air Magic
 13709 | D:8      | Reached *** piety under Cheibriados
 13804 | D:8      | Noticed Psyche
 13809 | D:8      | Killed Psyche
 14544 | D:9      | Reached skill level 1 in Necromancy
 14544 | D:9      | Reached XP level 11. HP: 57/57 MP: 19/23
 14727 | D:9      | Noticed a deep elf pyromancer
 14732 | D:9      | Killed a deep elf pyromancer
 14861 | D:9      | Identified the ring "Xosegud" {rPois rC+ Dex+2 Slay+3}
 14861 | D:9      | Noticed a tengu warrior
 14877 | D:9      | Noticed a cyan ugly thing
 14888 | D:10     | Entered Level 10 of the Dungeon
 14898 | D:10     | Noticed a two-headed ogre
 14911 | D:10     | Slain by a tengu warrior

Illustrated notes

Levels and vault maps discovered:
D:1:      amcnicky_arrival_feature_with_door, layout_rooms,
          ebering_ecumenical_altar_abandoned
D:2:      layout_basic, minmay_misc_feat_encased
D:3:      layout_loops_ring, nicolae_yredelemnul_corpse_copse,
          biasface_ghost_orc_armoury, cheibrodos_sewer_entry_sluice,
          kennysheep_doodads, uniq_sigmund
D:4:      layout_basic, gammafunk_temple_overflow_statue, minmay_cupped
D:5:      layout_rooms, mainiacjoe_overflow_alcove_2,
          mainiacjoe_overflow_24_doors, minmay_temple_entry_trees, serial_shops,
          nicolae_take_the_stairs, nicolae_inconvenience_store,
          minmay_ruined_shrine
D:6:      layout_basic, grunt_gozag_breadcrumbs, serial_shops, shop,
          uniq_crazy_yiuf_cottage
D:7:      layout_basic, enter_bailey_1
D:8:      layout_layer_cave, mainiacjoe_overflow_brackets, uniq_grum,
          uniq_psyche
D:9:      minmay_the_grid_triangle_9x9_recursive_2
          [minmay_the_grid_triangle_9x9_prize_top_heavy,
          minmay_the_grid_triangle_9x9_shrine,
          minmay_the_grid_triangle_9x9_corrupted_corridor,
          minmay_the_grid_triangle_9x9_sparse_checkered], layout_cave_pools,
          nicolae_lava_and_water
D:10:     layout_basic, orc_0_dummy, serial_shops, shop, st_stairs_13,
          uniq_erolcha, uniq_joseph, uniq_urug, uniq_fannar
Temple:   bh_familiar_temple

Skill      XL: |  1  2  3  4  5  6  7  8  9 10 |
---------------+-------------------------------+-----
Spellcasting   | 4 5 6 7 |  7.4
Earth Magic    | 4 5 6 |  6.5
Conjurations   | 2 5 6 7 |  7.5
Transmutations | 2 3 4 5 |  5.4
Fighting       | 1 2 |  2.2
Short Blades   | 1 |  1.7
Dodging        | 3 4 |  4.3
Stealth        | 6 |  6.7
Invocations    | 3 6 |  6.2
Evocations     | 3 6 |  6.0
Air Magic      | 2 5 |  5.2
Poison Magic   | 2 5 |  5.8
Necromancy     | 1 |  1.4

Action                   |  1- 3 |  4- 6 |  7- 9 | 10-12 || total
-------------------------+-------+-------+-------+-------++-------
Melee: Dagger            |     7 |    20 |    54 |       ||    81
       Short sword       |       |       |    35 |       ||    35
       Punch             |       |       |     2 |       ||     2
       Staff             |       |       |     2 |     6 ||     8
 Cast: Sandblast         |    38 |    47 |    67 |    15 ||   167
       Stone Arrow       |       |     9 |    67 |    85 ||   161
       Mephitic Cloud    |       |       |     9 |    23 ||    32
       Petrify           |       |       |       |     6 ||     6
Invok: Bend Time         |       |       |       |     2 ||     2
 Abil: Evoke Blink       |       |       |       |     2 ||     2
Evoke: Wand              |       |       |       |    17 ||    17
  Use: Scroll            |     6 |     6 |     6 |     5 ||    23
       Potion            |       |       |     3 |     6 ||     9
 Stab: Sleeping          |       |     1 |     4 |       ||     5
       Petrified         |       |       |       |     2 ||     2
Armor: Robe              |     4 |     6 |    32 |    17 ||    59
Dodge: Dodged            |    19 |    28 |    91 |    74 ||   212

Table legend: (Time is in decaauts)
 A = Elapsed time spent in this place.
 B = Non-inter-level travel time spent in this place.
 C = Inter-level travel time spent in this place.
 D = Time resting spent in this place.
 E = Time spent auto-exploring this place.
 F = Levels seen in this place.
 G = Mean time per level.
                   A        B        C        D        E       F      G
               +--------+--------+--------+--------+--------+-----+--------+
         Total |  16216 |  15676 |    540 |   4553 |   8843 |  13 | 1247.4 |
       Dungeon |  13428 |  12926 |    502 |   3424 |   7824 |  10 | 1342.8 |
        Temple |    229 |    191 |     38 |      0 |    170 |   1 |  229.0 |
         Sewer |   1755 |   1755 |      0 |    750 |    741 |   1 | 1755.0 |
        Bailey |    802 |    802 |      0 |    378 |    107 |   1 |  802.0 |
               +--------+--------+--------+--------+--------+-----+--------+

Top non-repeatable levels by time:
     D:8: 2770 daAuts
     D:4: 1935 daAuts
     D:7: 1901 daAuts
   Sewer: 1755 daAuts
     D:6: 1744 daAuts
     D:2: 1383 daAuts
     D:5: 1358 daAuts
     D:3: 1075 daAuts
  Bailey: 802 daAuts
     D:1: 627 daAuts
     D:9: 605 daAuts
  Temple: 229 daAuts
    D:10: 27 daAuts
